Sasquatch vs Griffins
Created - December 23, 2018 at 19:35
Goals
|
| Sasquatch |
0 |
3 |
3 |
6 |
| Griffins |
2 |
1 |
1 |
4 |
|
Shots
|
| Sasquatch |
9 |
7 |
16 |
32 |
| Griffins |
10 |
5 |
16 |
31 |
|
1st period
1. Griffins , Tye McGinn 15 (Nathan Gerbe 6, Sean Monahan 24) at 17:58
2. Griffins , Petr Pohl 19 (Tye McGinn 20, Ty Wishart 12) at 19:46
Penalties :
No Penalty
2nd period
3. Sasquatch , Teemu Hartikainen 6 (Matt Halischuk 24, Sergey Kalinin 4) at 0:58
4. Griffins , J.T. Brown 8 (Anton Slepyshev 8, Keith Seabrook 6) at 1:57
5. Sasquatch , Dougie Hamilton 12 (Slava Voynov 14) at 8:02
6. Sasquatch , Nicolas Deslauriers 5 (Martin Marincin 13, David Desharnais 5) at 9:48
Penalties :
Matt Halischuk (Gat) for Tripping (Minor) at 3:02, Jesper Fast (Gat) for Tripping (Minor) at 10:32, Petter Granberg (Cap) for Hooking (Minor) at 15:26
3rd period
7. Griffins , Robert Dome 9 (Tye McGinn 21, Petr Pohl 29) at 8:22
8. Sasquatch , T.J. Tynan 4 (Dougie Hamilton 26, Patrick Wey 12) at 8:46 (PP)
9. Sasquatch , T.J. Tynan 5 (Jesper Fast 15, Dougie Hamilton 27) at 9:34
10. Sasquatch , T.J. Tynan 6 (Dougie Hamilton 28, Patrick Wey 13) at 14:42
Penalties :
Matt Halischuk (Gat) for Slashing (Minor) at 0:38, Robert Dome (Cap) for Hooking (Minor) at 8:33, Ben Hanowski (Cap) for Goalie Interference (Minor) at 10:08, Quinton Howden (Cap) for Holding (Minor) at 17:00
Goalie Stats
Corey Crawford (Gat), 27 saves from 31 shots - (0.871), W, 9-7-1, 60:00 minutes
Jean-Francois Berube (Cap), 26 saves from 32 shots - (0.813), L, 9-8-5, 60:00 minutes
Players Stats for Sasquatch
Player Name G A P +/- PIM S H SB GA TA FO MP PP MP PK MP
------------------------------------------------------------------------------------
Andrew Campbell 0 0 0 0 0 3 1 2 0 0 0/0 13:12 0:00 0:00
Brock Trotter 0 0 0 0 0 2 3 0 0 0 0/0 14:19 2:44 1:33
David Desharnais 0 1 1 0 0 1 2 0 1 0 1/2 8:09 0:00 0:00
Devin Shore 0 0 0 0 0 0 2 0 0 0 2/4 10:07 0:00 0:22
Dougie Hamilton 1 3 4 1 0 3 0 3 0 0 0/0 27:03 3:44 3:37
Jeff Skinner 0 0 0 0 0 1 0 0 1 0 1/1 18:36 3:22 0:00
Jesper Fast 0 1 1 0 2 0 1 0 0 0 0/1 18:02 2:44 0:00
Martin Marincin 0 1 1 0 0 2 0 0 0 0 0/0 19:45 2:26 2:20
Matt Halischuk 0 1 1 1 4 2 2 0 2 0 0/0 17:11 3:20 0:00
Nicolas Deslauriers 1 0 1 0 0 3 2 0 1 0 1/2 12:15 0:04 3:12
Patrick Wey 0 2 2 1 0 3 0 2 0 1 0/0 27:03 3:44 3:37
Petr Straka 0 0 0 0 0 3 1 0 0 0 0/0 10:30 0:06 0:00
Ryan Pulock 0 0 0 0 0 0 0 0 0 0 0/0 13:12 0:00 0:00
Sergey Kalinin 0 1 1 1 0 3 1 0 1 0 9/11 18:43 2:44 2:26
Slava Voynov 0 1 1 0 0 0 0 0 1 0 0/0 19:45 2:26 2:20
Sven Andrighetto 0 0 0 0 0 0 0 0 1 0 0/0 8:09 0:00 0:00
T.J. Tynan 3 0 3 0 0 3 2 0 0 2 11/31 21:54 3:20 3:09
Teemu Hartikainen 1 0 1 1 0 3 1 1 1 0 0/0 16:05 0:06 1:12
Players Stats for Griffins
Player Name G A P +/- PIM S H SB GA TA FO MP PP MP PK MP
------------------------------------------------------------------------------------
Anton Slepyshev 0 1 1 0 0 1 2 0 1 0 2/2 10:24 0:11 0:00
Ben Hanowski 0 0 0 -2 2 2 4 0 0 2 2/4 18:06 2:23 2:11
Brendan Woods 0 0 0 -1 0 0 0 1 0 0 0/0 10:54 0:00 3:12
Bryan Young 0 0 0 -2 0 1 0 4 0 1 0/0 21:51 0:00 3:24
J.T. Brown 1 0 1 0 0 3 0 1 0 0 0/0 11:03 0:11 0:41
Keith Seabrook 0 1 1 0 0 3 2 1 0 1 0/0 15:12 2:00 0:10
Nathan Gerbe 0 1 1 -2 0 2 2 1 0 0 1/1 17:26 3:23 0:26
Nathan Oystrick 0 0 0 0 0 1 0 1 0 1 0/0 17:17 0:00 2:36
Nicholas Baptiste 0 0 0 -1 0 0 0 0 0 0 0/0 7:47 0:11 0:00
Petr Pohl 1 1 2 2 0 4 1 2 0 0 4/6 21:14 3:23 1:37
Petter Granberg 0 0 0 1 2 3 4 0 0 0 0/0 18:59 3:57 0:00
Quinton Howden 0 0 0 0 2 1 0 0 0 0 0/3 10:54 0:00 0:20
Robert Dome 1 0 1 2 2 2 1 1 0 0 8/19 18:35 2:23 0:00
Sean Monahan 0 1 1 -2 0 2 0 0 0 3 6/13 17:20 3:23 0:00
Simon Despres 0 0 0 -2 0 2 2 1 0 1 0/0 26:34 3:57 2:36
Ty Wishart 0 1 1 1 0 0 0 0 0 0 0/0 20:31 2:00 3:34
Tye McGinn 1 2 3 2 0 4 1 0 1 0 4/4 20:31 2:23 2:32
Vladislav Namestnikov 0 0 0 -1 0 0 0 0 1 0 0/0 9:08 0:00 1:21
3 Stars
1 - T.J. Tynan (Gat)
2 - Dougie Hamilton (Gat)
3 - Tye McGinn (Cap)
Power Play
Sasquatch - 1 on 4 Attempt(s) - 25.00%
Griffins - 0 on 3 Attempt(s) - 0.00%
Penalty Kill
Sasquatch - 3 on 3 Attempt(s) - 100.00%
- Score 0 goal in Penalty Kill
Griffins - 3 on 4 Attempt(s) - 75.00%
- Score 0 goal in Penalty Kill
Team Stat
Sasquatch - Hits : 18 - Faceoff Wins : 25 - Blocked Shots : 8 - Penalty Minutes : 6
Griffins - Hits : 19 - Faceoff Wins : 27 - Blocked Shots : 13 - Penalty Minutes : 8
Official
Referees : Unknown
Linesman : Unknown
Game Notes
T.J. Tynan has scored a Hat Trick!
Finance
Level 1 -- Attendance: 1531 (76.55%) -- Ticket Income $53,585
Level 2 -- Attendance: 777 (77.70%) -- Ticket Income $15,540
Total Attendance: 2308 (76.93%)
Total Ticket Income: $69,125
Other Income: $3,456
Total Income: $72,581
Sasquatch
5 vs 5 Forward
Center Left Wing Right Wing Time % Phy DF OF
1 T.J. Tynan Jeff Skinner Jesper Fast 40 1 2 2
2 Sergey Kalinin Teemu Hartikainen Matt Halischuk 30 1 2 2
3 Devin Shore Brock Trotter Petr Straka 20 1 2 2
4 David Desharnais Nicolas Deslauriers Sven Andrighetto 10 1 2 2
5 vs 5 Defense
Defense Defense Time % Phy DF OF
1 Patrick Wey Dougie Hamilton 40 1 2 2
2 Martin Marincin Slava Voynov 30 1 2 2
3 Ryan Pulock Andrew Campbell 20 1 2 2
4 Patrick Wey Dougie Hamilton 10 1 2 2
PowerPlay Forward
Center Left Wing Right Wing Time % Phy DF OF
1 T.J. Tynan Jeff Skinner Matt Halischuk 60 1 2 2
2 Sergey Kalinin Brock Trotter Jesper Fast 40 1 2 2
PowerPlay Defense
Defense Defense Time % Phy DF OF
1 Patrick Wey Dougie Hamilton 60 1 2 2
2 Martin Marincin Slava Voynov 40 1 2 2
Penalty Kill 4 Players Forward
Center Wing Time % Phy DF OF
1 T.J. Tynan Nicolas Deslauriers 60 1 2 2
2 Sergey Kalinin Teemu Hartikainen 40 1 2 2
Penalty Kill 4 Players Defense
Defense Defense Time % Phy DF OF
1 Patrick Wey Dougie Hamilton 60 1 2 2
2 Martin Marincin Slava Voynov 40 1 2 2
Penalty Kill - 3 Players Forward
Forward Time % Phy DF OF
1 T.J. Tynan 60 1 2 2
2 Sergey Kalinin 40 1 2 2
Penalty Kill - 3 Players Defense
Defense Defense Time % Phy DF OF
1 Patrick Wey Dougie Hamilton 60 1 2 2
2 Martin Marincin Slava Voynov 40 1 2 2
4 vs 4 Forward
Center Wing Time % Phy DF OF
1 T.J. Tynan Jeff Skinner 60 1 2 2
2 Matt Halischuk Brock Trotter 40 1 2 2
4 vs 4 Defense
Defense Defense Time % Phy DF OF
1 Patrick Wey Dougie Hamilton 60 1 2 2
2 Martin Marincin Slava Voynov 40 1 2 2
Last Minutes Offensive
Center Left Wing Right Wing Defense Defense
T.J. Tynan Jeff Skinner Jesper Fast Patrick Wey Dougie Hamilton
Last Minutes Defensive
Center Left Wing Right Wing Defense Defense
T.J. Tynan Jeff Skinner Jesper Fast Patrick Wey Dougie Hamilton
Goaltenders
Starting : Corey Crawford
Backup : Joonas Korpisalo
Extra Forwards
Normal : T.J. Tynan, Teemu Hartikainen, Nicolas Deslauriers - PP : T.J. Tynan, Teemu Hartikainen - PK : Nicolas Deslauriers
Extra Defensemen
Normal : Ryan Pulock, Andrew Campbell, Martin Marincin - PP : Ryan Pulock - PK : Andrew Campbell, Martin Marincin
Penalty Shots
Jeff Skinner, Devin Shore, Petr Straka, Matt Halischuk, Brock Trotter
Scratches
Drew Shore (Sprained Left Ankle Injury), Ryan Dzingel (Healthy), Ty Rattie (Healthy), Brett Pesce (Healthy), Cal Petersen (Healthy)
Griffins
5 vs 5 Forward
Center Left Wing Right Wing Time % Phy DF OF
1 Robert Dome Tye McGinn Petr Pohl 40 0 2 3
2 Sean Monahan Nathan Gerbe Ben Hanowski 30 0 2 3
3 Quinton Howden Anton Slepyshev J.T. Brown 20 0 2 3
4 Vladislav Namestnikov Brendan Woods Nicholas Baptiste 10 0 2 3
5 vs 5 Defense
Defense Defense Time % Phy DF OF
1 Simon Despres Bryan Young 40 0 2 3
2 Petter Granberg Ty Wishart 30 0 3 2
3 Nathan Oystrick Keith Seabrook 20 0 3 2
4 Nathan Oystrick Keith Seabrook 10 1 2 2
PowerPlay Forward
Center Left Wing Right Wing Time % Phy DF OF
1 Sean Monahan Nathan Gerbe Petr Pohl 60 0 1 4
2 Robert Dome Tye McGinn Ben Hanowski 40 0 1 4
PowerPlay Defense
Defense Defense Time % Phy DF OF
1 Petter Granberg Simon Despres 60 0 1 4
2 Ty Wishart Keith Seabrook 40 0 1 4
Penalty Kill 4 Players Forward
Center Wing Time % Phy DF OF
1 Ben Hanowski Brendan Woods 60 1 2 2
2 Tye McGinn J.T. Brown 40 1 2 2
Penalty Kill 4 Players Defense
Defense Defense Time % Phy DF OF
1 Bryan Young Ty Wishart 60 1 2 2
2 Nathan Oystrick Simon Despres 40 1 2 2
Penalty Kill - 3 Players Forward
Forward Time % Phy DF OF
1 J.T. Brown 60 1 2 2
2 Brendan Woods 40 1 2 2
Penalty Kill - 3 Players Defense
Defense Defense Time % Phy DF OF
1 Bryan Young Ty Wishart 60 1 2 2
2 Nathan Oystrick Simon Despres 40 1 2 2
4 vs 4 Forward
Center Wing Time % Phy DF OF
1 Sean Monahan Petr Pohl 60 1 2 2
2 Robert Dome Nathan Gerbe 40 1 2 2
4 vs 4 Defense
Defense Defense Time % Phy DF OF
1 Simon Despres Ty Wishart 60 1 2 2
2 Bryan Young Petter Granberg 40 1 2 2
Last Minutes Offensive
Center Left Wing Right Wing Defense Defense
Sean Monahan Nathan Gerbe Petr Pohl Simon Despres Keith Seabrook
Last Minutes Defensive
Center Left Wing Right Wing Defense Defense
Tye McGinn Brendan Woods J.T. Brown Bryan Young Nathan Oystrick
Goaltenders
Starting : Jean-Francois Berube
Backup : Olivier Roy
Extra Forwards
Normal : Petr Pohl, Sean Monahan, Nathan Gerbe - PP : J.T. Brown, Anton Slepyshev - PK : Petr Pohl
Extra Defensemen
Normal : Petter Granberg, Bryan Young, Ty Wishart - PP : Ty Wishart - PK : Keith Seabrook, Petter Granberg
Penalty Shots
Nathan Gerbe, Sean Monahan, Ben Hanowski, Robert Dome, Vladislav Namestnikov
Scratches
Garrett Wilson (Healthy), Tanner Kero (Healthy), Greg McKegg (Healthy), Lucas Lessio (Healthy), Jerome Gauthier-Leduc (Healthy)
Konrad Abeltshauser (Healthy), Tomas Hyka (Healthy), Brian Hart (Healthy), Mirco Mueller (Healthy), Ian McCoshen (Healthy)
Jamie Arniel (Strained Right Knee Injury), Marcus Hogberg (Healthy), Matt Tomkins (Healthy)
% Time on Ice - Sasquatch
Lines # - Real PCT - Wanted PCT - Time Play
Normal Forward
1 - 35% - 40% - 16:58
2 - 28% - 30% - 13:17
3 - 20% - 20% - 9:29
4 - 17% - 10% - 8:09
Normal Defense
1 - 37% - 40% - 17:56
2 - 31% - 30% - 14:59
3 - 28% - 20% - 13:12
4 - 4% - 10% - 1:46
PP Forward
1 - 56% - 60% - 3:26
2 - 44% - 40% - 2:44
PP Defense
1 - 61% - 60% - 3:44
2 - 39% - 40% - 2:26
PK Forward
1 - 80% - 60% - 4:45
2 - 20% - 40% - 1:12
PK Defense
1 - 61% - 60% - 3:37
2 - 39% - 40% - 2:20
PK3 Forward
1 - 0% - 60%
2 - 0% - 40%
PK3 Defense
1 - 0% - 60%
2 - 0% - 40%
44 Forward
1 - 0% - 60%
2 - 0% - 40%
44 Defense
1 - 0% - 60%
2 - 0% - 40%
Last Minute Offensive - 0:00
Last Minute Defensive - 0:00
Total
Forward - 60:00
Defense - 60:00
|
% Time on Ice - Griffins
Lines # - Real PCT - Wanted PCT - Time Play
Normal Forward
1 - 37% - 40% - 17:39
2 - 27% - 30% - 12:55
3 - 21% - 20% - 9:57
4 - 15% - 10% - 7:22
Normal Defense
1 - 38% - 40% - 17:58
2 - 36% - 30% - 17:00
3 - 19% - 20% - 9:19
4 - 8% - 10% - 3:36
PP Forward
1 - 60% - 60% - 3:34
2 - 40% - 40% - 2:23
PP Defense
1 - 66% - 60% - 3:57
2 - 34% - 40% - 2:00
PK Forward
1 - 89% - 60% - 5:29
2 - 11% - 40% - 0:41
PK Defense
1 - 58% - 60% - 3:34
2 - 42% - 40% - 2:36
PK3 Forward
1 - 0% - 60%
2 - 0% - 40%
PK3 Defense
1 - 0% - 60%
2 - 0% - 40%
44 Forward
1 - 0% - 60%
2 - 0% - 40%
44 Defense
1 - 0% - 60%
2 - 0% - 40%
Last Minute Offensive - 0:00
Last Minute Defensive - 0:00
Total
Forward - 60:00
Defense - 60:00
|
Play by Play
1st period
0:01 of 1st period - Petr Pohl wins face-off versus T.J. Tynan in neutral zone.
0:28 of 1st period - Snap shot by Sergey Kalinin.
0:28 of 1st period - Stopped by Jean-Francois Berube with a rebound.
0:30 of 1st period - Slapshot by Patrick Wey.
0:30 of 1st period - Shot Blocked by Nathan Gerbe.
1:08 of 1st period - Petter Granberg is hit by David Desharnais and loses puck.
2:00 of 1st period - Snap shot by Nathan Gerbe.
2:00 of 1st period - Stopped by Corey Crawford with a rebound.
2:02 of 1st period - Snap shot by Ben Hanowski.
2:02 of 1st period - Shot Misses the Net.
3:56 of 1st period - Wrist shot by J.T. Brown.
3:56 of 1st period - Stopped by Corey Crawford without a rebound.
3:57 of 1st period - Sergey Kalinin wins face-off versus Robert Dome in Sasquatch zone.
4:12 of 1st period - Snap shot by Teemu Hartikainen.
4:12 of 1st period - Stopped by Jean-Francois Berube without a rebound.
4:13 of 1st period - Sean Monahan wins face-off versus T.J. Tynan in Griffins zone.
4:22 of 1st period - Wrist shot by Nathan Gerbe.
4:22 of 1st period - Stopped by Corey Crawford without a rebound.
4:23 of 1st period - T.J. Tynan wins face-off versus Sean Monahan in Sasquatch zone.
4:47 of 1st period - Off-side.
4:48 of 1st period - Sergey Kalinin wins face-off versus Robert Dome in neutral zone.
5:13 of 1st period - Slava Voynov is hit by Anton Slepyshev and loses puck.
5:38 of 1st period - Wrist shot by Jeff Skinner.
5:38 of 1st period - Stopped by Jean-Francois Berube with a rebound.
5:40 of 1st period - Snap shot by T.J. Tynan.
5:40 of 1st period - Shot Misses the Net.
5:42 of 1st period - Slapshot by Ryan Pulock.
5:42 of 1st period - Shot Misses the Net.
6:36 of 1st period - Andrew Campbell is hit by Keith Seabrook and loses puck.
6:43 of 1st period - Snap shot by Petr Straka.
6:43 of 1st period - Stopped by Jean-Francois Berube without a rebound.
6:44 of 1st period - Robert Dome wins face-off versus Jesper Fast in Griffins zone.
7:11 of 1st period - Nathan Gerbe is hit by Sergey Kalinin and loses puck.
7:32 of 1st period - Wrist shot by Quinton Howden.
7:32 of 1st period - Shot Misses the Net.
7:38 of 1st period - Simon Despres is hit by Brock Trotter and loses puck.
7:57 of 1st period - Slapshot by Robert Dome.
7:57 of 1st period - Shot Misses the Net.
8:03 of 1st period - Petr Pohl is hit by David Desharnais and loses puck.
8:26 of 1st period - Slapshot by Brendan Woods.
8:26 of 1st period - Shot Blocked by Andrew Campbell.
8:40 of 1st period - Teemu Hartikainen is hit by Ben Hanowski and loses puck.
8:49 of 1st period - Slapshot by Sergey Kalinin.
8:49 of 1st period - Stopped by Jean-Francois Berube with a rebound.
9:01 of 1st period - Wrist shot by J.T. Brown.
9:01 of 1st period - Deflect By Martin Marincin.
9:01 of 1st period - Stopped by Corey Crawford without a rebound.
9:02 of 1st period - Devin Shore wins face-off versus Quinton Howden in Sasquatch zone.
9:24 of 1st period - Icing by Petr Straka.
9:25 of 1st period - Devin Shore wins face-off versus Robert Dome in Sasquatch zone.
9:34 of 1st period - Slapshot by Tye McGinn.
9:34 of 1st period - Shot Misses the Net.
9:36 of 1st period - Slapshot by Nathan Oystrick.
9:36 of 1st period - Deflect By Martin Marincin.
9:36 of 1st period - Stopped by Corey Crawford with a rebound.
9:46 of 1st period - Snap shot by Petr Straka.
9:46 of 1st period - Stopped by Jean-Francois Berube without a rebound.
9:47 of 1st period - T.J. Tynan wins face-off versus Sean Monahan in Griffins zone.
10:18 of 1st period - Off-side.
10:19 of 1st period - Sergey Kalinin wins face-off versus Robert Dome in neutral zone.
10:52 of 1st period - Snap shot by Nathan Gerbe.
10:52 of 1st period - Shot Misses the Net.
11:16 of 1st period - Wrist shot by Nicolas Deslauriers.
11:16 of 1st period - Stopped by Jean-Francois Berube without a rebound.
11:17 of 1st period - Sergey Kalinin wins face-off versus Robert Dome in Griffins zone.
11:25 of 1st period - Off-side.
11:26 of 1st period - Sergey Kalinin wins face-off versus Robert Dome in neutral zone.
11:47 of 1st period - Snap shot by Tye McGinn.
11:47 of 1st period - Shot Misses the Net.
12:07 of 1st period - Snap shot by Robert Dome.
12:07 of 1st period - Shot Blocked by Dougie Hamilton.
12:13 of 1st period - Snap shot by Petr Pohl.
12:13 of 1st period - Stopped by Corey Crawford with a rebound.
12:39 of 1st period - Backhand shot by Sergey Kalinin.
12:39 of 1st period - Stopped by Jean-Francois Berube with a rebound.
12:41 of 1st period - Snap shot by Teemu Hartikainen.
12:41 of 1st period - Stopped by Jean-Francois Berube without a rebound.
12:42 of 1st period - Nathan Gerbe wins face-off versus T.J. Tynan in Griffins zone.
12:49 of 1st period - Backhand shot by Ben Hanowski.
12:49 of 1st period - Shot Misses the Net.
13:07 of 1st period - Anton Slepyshev is hit by Petr Straka and loses puck.
13:11 of 1st period - Icing by Ty Wishart.
13:12 of 1st period - Anton Slepyshev wins face-off versus T.J. Tynan in Griffins zone.
13:17 of 1st period - Snap shot by Quinton Howden.
13:17 of 1st period - Shot Misses the Net.
13:19 of 1st period - Slapshot by Anton Slepyshev.
13:19 of 1st period - Stopped by Corey Crawford with a rebound.
13:35 of 1st period - Nicolas Deslauriers is hit by Anton Slepyshev.
14:03 of 1st period - Keith Seabrook is hit by Devin Shore and loses puck.
14:52 of 1st period - Snap shot by Petr Straka.
14:52 of 1st period - Shot Misses the Net.
15:46 of 1st period - Sergey Kalinin is hit by Petter Granberg and loses puck.
16:35 of 1st period - Slapshot by Petr Pohl.
16:35 of 1st period - Deflect By Robert Dome.
16:35 of 1st period - Stopped by Corey Crawford with a rebound.
16:37 of 1st period - Snap shot by Tye McGinn.
16:37 of 1st period - Shot Misses the Net.
17:38 of 1st period - Vladislav Namestnikov is hit by Nicolas Deslauriers and loses puck.
17:54 of 1st period - Icing by Dougie Hamilton.
17:55 of 1st period - Sean Monahan wins face-off versus David Desharnais in Sasquatch zone.
17:58 of 1st period - Snap shot by Tye McGinn.
17:58 of 1st period - Goal by Tye McGinn - Sasquatch : 0 - Griffins : 1.
17:59 of 1st period - T.J. Tynan wins face-off versus Robert Dome in neutral zone.
18:02 of 1st period - Petr Pohl is hit by T.J. Tynan and loses puck.
18:45 of 1st period - Keith Seabrook is hit by Brock Trotter.
19:15 of 1st period - Off-side.
19:16 of 1st period - Robert Dome wins face-off versus T.J. Tynan in neutral zone.
19:35 of 1st period - Petr Pohl is hit by T.J. Tynan and loses puck.
19:46 of 1st period - Slapshot by Petr Pohl.
19:46 of 1st period - Goal by Petr Pohl - Sasquatch : 0 - Griffins : 2.
19:47 of 1st period - Robert Dome wins face-off versus T.J. Tynan in neutral zone.
Goals for this period are 0 for Sasquatch vs 2 for Griffins.
Shots for this period are 9 for Sasquatch vs 10 for Griffins.
2nd period
0:01 of 2nd period - Tye McGinn wins face-off versus T.J. Tynan in neutral zone.
0:03 of 2nd period - Off-side.
0:04 of 2nd period - T.J. Tynan wins face-off versus Robert Dome in neutral zone.
0:07 of 2nd period - Snap shot by Jesper Fast.
0:07 of 2nd period - Shot Blocked by Bryan Young.
0:37 of 2nd period - Snap shot by Sean Monahan.
0:37 of 2nd period - Stopped by Corey Crawford with a rebound.
0:40 of 2nd period - Icing by Patrick Wey.
0:41 of 2nd period - Sergey Kalinin wins face-off versus Petr Pohl in Sasquatch zone.
0:56 of 2nd period - Wrist shot by Teemu Hartikainen.
0:56 of 2nd period - Shot Blocked by Petr Pohl.
0:58 of 2nd period - Slapshot by Teemu Hartikainen.
0:58 of 2nd period - Goal by Teemu Hartikainen - Sasquatch : 1 - Griffins : 2.
0:59 of 2nd period - Ben Hanowski wins face-off versus T.J. Tynan in neutral zone.
1:31 of 2nd period - Wrist shot by Petr Pohl.
1:31 of 2nd period - Shot Misses the Net.
1:33 of 2nd period - Wrist shot by Robert Dome.
1:33 of 2nd period - Shot Blocked by Dougie Hamilton.
1:35 of 2nd period - Snap shot by Petr Pohl.
1:35 of 2nd period - Shot Blocked by Teemu Hartikainen.
1:37 of 2nd period - Snap shot by Tye McGinn.
1:37 of 2nd period - Shot Misses the Net.
1:39 of 2nd period - Snap shot by Simon Despres.
1:39 of 2nd period - Stopped by Corey Crawford with a rebound.
1:57 of 2nd period - Wrist shot by J.T. Brown.
1:57 of 2nd period - Goal by J.T. Brown - Sasquatch : 1 - Griffins : 3.
1:58 of 2nd period - T.J. Tynan wins face-off versus Sean Monahan in neutral zone.
2:39 of 2nd period - Icing by Ryan Pulock.
2:40 of 2nd period - Sergey Kalinin wins face-off versus Sean Monahan in Sasquatch zone.
2:40 of 2nd period - Sergey Kalinin is hit by Ben Hanowski.
2:52 of 2nd period - Snap shot by Sean Monahan.
2:52 of 2nd period - Shot Blocked by Andrew Campbell.
2:54 of 2nd period - Wrist shot by Sean Monahan.
2:54 of 2nd period - Shot Misses the Net.
3:02 of 2nd period - Minor Penalty to Matt Halischuk for Tripping.
3:03 of 2nd period - T.J. Tynan wins face-off versus Sean Monahan in Sasquatch zone.
3:03 of 2nd period - T.J. Tynan is hit by Nathan Gerbe.
3:15 of 2nd period - Dougie Hamilton is hit by Nathan Gerbe and loses puck.
3:52 of 2nd period - Wrist shot by Teemu Hartikainen.
3:52 of 2nd period - Shot Blocked by Petr Pohl.
5:02 of 2nd period - Penalty to Matt Halischuk is over, Matt Halischuk is back on ice.
5:11 of 2nd period - Teemu Hartikainen is hit by Simon Despres and loses puck.
5:26 of 2nd period - Keith Seabrook is hit by Devin Shore.
5:36 of 2nd period - Wrist shot by Devin Shore.
5:36 of 2nd period - Shot Blocked by J.T. Brown.
5:38 of 2nd period - Snap shot by Nicolas Deslauriers.
5:38 of 2nd period - Stopped by Jean-Francois Berube with a rebound.
6:18 of 2nd period - Sergey Kalinin is hit by Tye McGinn.
7:08 of 2nd period - Nathan Gerbe is hit by Andrew Campbell and loses puck.
8:02 of 2nd period - Slapshot by Dougie Hamilton.
8:02 of 2nd period - Deflect By Nathan Gerbe.
8:02 of 2nd period - Goal by Dougie Hamilton - Sasquatch : 2 - Griffins : 3.
8:03 of 2nd period - Petr Pohl wins face-off versus T.J. Tynan in neutral zone.
8:14 of 2nd period - Slapshot by Tye McGinn.
8:14 of 2nd period - Stopped by Corey Crawford with a rebound.
8:47 of 2nd period - Slapshot by Patrick Wey.
8:47 of 2nd period - Shot Misses the Net.
9:23 of 2nd period - Martin Marincin is hit by Petter Granberg and loses puck.
9:42 of 2nd period - Snap shot by David Desharnais.
9:42 of 2nd period - Shot Blocked by Bryan Young.
9:44 of 2nd period - Snap shot by Martin Marincin.
9:44 of 2nd period - Stopped by Jean-Francois Berube with a rebound.
9:46 of 2nd period - Slapshot by Martin Marincin.
9:46 of 2nd period - Stopped by Jean-Francois Berube with a rebound.
9:48 of 2nd period - Snap shot by Nicolas Deslauriers.
9:48 of 2nd period - Goal by Nicolas Deslauriers - Sasquatch : 3 - Griffins : 3.
9:49 of 2nd period - Robert Dome wins face-off versus T.J. Tynan in neutral zone.
9:52 of 2nd period - Snap shot by Robert Dome.
9:52 of 2nd period - Shot Blocked by Patrick Wey.
9:54 of 2nd period - Slapshot by Tye McGinn.
9:54 of 2nd period - Stopped by Corey Crawford with a rebound.
10:09 of 2nd period - Icing by Jeff Skinner.
10:10 of 2nd period - Sean Monahan wins face-off versus T.J. Tynan in Sasquatch zone.
10:15 of 2nd period - Slapshot by Sean Monahan.
10:15 of 2nd period - Shot Misses the Net.
10:32 of 2nd period - Minor Penalty to Jesper Fast for Tripping.
10:33 of 2nd period - T.J. Tynan wins face-off versus Sean Monahan in Sasquatch zone.
10:43 of 2nd period - Off-side.
10:44 of 2nd period - Sean Monahan wins face-off versus T.J. Tynan in neutral zone.
10:59 of 2nd period - Nicolas Deslauriers is hit by Petr Pohl and loses puck.
12:30 of 2nd period - Brock Trotter is hit by Simon Despres and loses puck.
12:32 of 2nd period - Penalty to Jesper Fast is over, Jesper Fast is back on ice.
12:56 of 2nd period - Andrew Campbell is hit by Keith Seabrook and loses puck.
13:15 of 2nd period - Snap shot by Teemu Hartikainen.
13:15 of 2nd period - Shot Blocked by Bryan Young.
13:17 of 2nd period - Slapshot by Slava Voynov.
13:17 of 2nd period - Deflect By Sergey Kalinin.
13:17 of 2nd period - Shot Misses the Net.
13:17 of 2nd period - Puck is out of play.
13:18 of 2nd period - Anton Slepyshev wins face-off versus Sergey Kalinin in Griffins zone.
14:08 of 2nd period - Off-side.
14:09 of 2nd period - Sean Monahan wins face-off versus Devin Shore in neutral zone.
15:24 of 2nd period - Slapshot by Patrick Wey.
15:24 of 2nd period - Stopped by Jean-Francois Berube with a rebound.
15:26 of 2nd period - Minor Penalty to Petter Granberg for Hooking.
15:27 of 2nd period - Jeff Skinner wins face-off versus Ben Hanowski in Griffins zone.
15:38 of 2nd period - Snap shot by Jeff Skinner.
15:38 of 2nd period - Shot Misses the Net.
16:02 of 2nd period - Snap shot by Slava Voynov.
16:02 of 2nd period - Shot Blocked by Bryan Young.
16:04 of 2nd period - Backhand shot by Martin Marincin.
16:04 of 2nd period - Shot Misses the Net.
17:26 of 2nd period - Penalty to Petter Granberg is over, Petter Granberg is back on ice.
17:36 of 2nd period - Dougie Hamilton is hit by Petter Granberg.
18:30 of 2nd period - Simon Despres is hit by Matt Halischuk and loses puck.
Goals for this period are 3 for Sasquatch vs 1 for Griffins.
Shots for this period are 7 for Sasquatch vs 5 for Griffins.
3rd period
0:01 of 3rd period - Robert Dome wins face-off versus T.J. Tynan in neutral zone.
0:38 of 3rd period - Minor Penalty to Matt Halischuk for Slashing.
0:39 of 3rd period - Sean Monahan wins face-off versus Nicolas Deslauriers in Sasquatch zone.
0:52 of 3rd period - Snap shot by Petr Pohl.
0:52 of 3rd period - Shot Misses the Net.
0:54 of 3rd period - Backhand shot by Petter Granberg.
0:54 of 3rd period - Stopped by Corey Crawford without a rebound.
0:55 of 3rd period - T.J. Tynan wins face-off versus Petr Pohl in Sasquatch zone.
0:55 of 3rd period - T.J. Tynan is hit by Petter Granberg.
1:29 of 3rd period - Wrist shot by Ben Hanowski.
1:29 of 3rd period - Shot Misses the Net.
2:38 of 3rd period - Penalty to Matt Halischuk is over, Matt Halischuk is back on ice.
2:48 of 3rd period - Wrist shot by Bryan Young.
2:48 of 3rd period - Shot Blocked by Patrick Wey.
2:50 of 3rd period - Slapshot by Keith Seabrook.
2:50 of 3rd period - Stopped by Corey Crawford with a rebound.
2:52 of 3rd period - Slapshot by Keith Seabrook.
2:52 of 3rd period - Stopped by Corey Crawford with a rebound.
3:00 of 3rd period - Snap shot by Brock Trotter.
3:00 of 3rd period - Shot Misses the Net.
3:04 of 3rd period - Snap shot by Brock Trotter.
3:04 of 3rd period - Shot Misses the Net.
3:06 of 3rd period - Slapshot by Patrick Wey.
3:06 of 3rd period - Stopped by Jean-Francois Berube with a rebound.
3:08 of 3rd period - Slapshot by Dougie Hamilton.
3:08 of 3rd period - Shot Blocked by Brendan Woods.
3:10 of 3rd period - Snap shot by Matt Halischuk.
3:10 of 3rd period - Stopped by Jean-Francois Berube with a rebound.
3:12 of 3rd period - Snap shot by Brock Trotter.
3:12 of 3rd period - Deflect By Nicholas Baptiste.
3:12 of 3rd period - Stopped by Jean-Francois Berube without a rebound.
3:13 of 3rd period - David Desharnais wins face-off versus Quinton Howden in Griffins zone.
3:23 of 3rd period - Off-side.
3:24 of 3rd period - Tye McGinn wins face-off versus Sergey Kalinin in neutral zone.
3:34 of 3rd period - Tye McGinn is hit by Matt Halischuk and loses puck.
4:15 of 3rd period - Slapshot by Slava Voynov.
4:15 of 3rd period - Shot Blocked by Simon Despres.
4:36 of 3rd period - Icing by Bryan Young.
4:37 of 3rd period - Robert Dome wins face-off versus Devin Shore in Griffins zone.
5:44 of 3rd period - Petr Pohl is hit by Nicolas Deslauriers and loses puck.
6:05 of 3rd period - Vladislav Namestnikov is hit by Brock Trotter and loses puck.
6:22 of 3rd period - Snap shot by Ben Hanowski.
6:22 of 3rd period - Shot Misses the Net.
6:24 of 3rd period - Slapshot by Ben Hanowski.
6:24 of 3rd period - Stopped by Corey Crawford without a rebound.
6:25 of 3rd period - Sergey Kalinin wins face-off versus Sean Monahan in Sasquatch zone.
6:25 of 3rd period - Sergey Kalinin is hit by Ben Hanowski.
7:01 of 3rd period - Snap shot by Matt Halischuk.
7:01 of 3rd period - Shot Misses the Net.
7:25 of 3rd period - Wrist shot by Nathan Gerbe.
7:25 of 3rd period - Shot Blocked by Dougie Hamilton.
7:27 of 3rd period - Backhand shot by Bryan Young.
7:27 of 3rd period - Stopped by Corey Crawford without a rebound.
7:28 of 3rd period - T.J. Tynan wins face-off versus Robert Dome in Sasquatch zone.
7:54 of 3rd period - Snap shot by David Desharnais.
7:54 of 3rd period - Shot Blocked by Robert Dome.
7:56 of 3rd period - Slapshot by Sven Andrighetto.
7:56 of 3rd period - Shot Blocked by Keith Seabrook.
7:58 of 3rd period - Slapshot by Andrew Campbell.
7:58 of 3rd period - Deflect By Nicolas Deslauriers.
7:58 of 3rd period - Shot Blocked by Nathan Oystrick.
7:58 of 3rd period - Puck is out of play.
7:59 of 3rd period - Nicolas Deslauriers wins face-off versus Quinton Howden in Griffins zone.
8:04 of 3rd period - Slapshot by Nicolas Deslauriers.
8:04 of 3rd period - Shot Misses the Net.
8:06 of 3rd period - Slapshot by Andrew Campbell.
8:06 of 3rd period - Stopped by Jean-Francois Berube with a rebound.
8:08 of 3rd period - Slapshot by David Desharnais.
8:08 of 3rd period - Shot Misses the Net.
8:10 of 3rd period - Slapshot by Ryan Pulock.
8:10 of 3rd period - Shot Misses the Net.
8:12 of 3rd period - Snap shot by David Desharnais.
8:12 of 3rd period - Stopped by Jean-Francois Berube without a rebound.
8:13 of 3rd period - Robert Dome wins face-off versus T.J. Tynan in Griffins zone.
8:20 of 3rd period - Snap shot by Petr Pohl.
8:20 of 3rd period - Deflect By Tye McGinn.
8:20 of 3rd period - Stopped by Corey Crawford with a rebound.
8:22 of 3rd period - Wrist shot by Robert Dome.
8:22 of 3rd period - Goal by Robert Dome - Sasquatch : 3 - Griffins : 4.
8:23 of 3rd period - Tye McGinn wins face-off versus T.J. Tynan in neutral zone.
8:33 of 3rd period - Minor Penalty to Robert Dome for Hooking.
8:34 of 3rd period - Ben Hanowski wins face-off versus T.J. Tynan in Griffins zone.
8:46 of 3rd period - Slapshot by T.J. Tynan.
8:46 of 3rd period - Goal by T.J. Tynan - Sasquatch : 4 - Griffins : 4.
8:47 of 3rd period - Petr Pohl wins face-off versus T.J. Tynan in neutral zone.
8:50 of 3rd period - Snap shot by Simon Despres.
8:50 of 3rd period - Stopped by Corey Crawford without a rebound.
8:51 of 3rd period - Tye McGinn wins face-off versus T.J. Tynan in Sasquatch zone.
8:58 of 3rd period - Snap shot by Petr Pohl.
8:58 of 3rd period - Stopped by Corey Crawford with a rebound.
9:00 of 3rd period - Slapshot by Bryan Young.
9:00 of 3rd period - Shot Misses the Net.
9:20 of 3rd period - Wrist shot by Quinton Howden.
9:20 of 3rd period - Stopped by Corey Crawford with a rebound.
9:32 of 3rd period - Slapshot by Jesper Fast.
9:32 of 3rd period - Shot Misses the Net.
9:34 of 3rd period - Slapshot by T.J. Tynan.
9:34 of 3rd period - Goal by T.J. Tynan - Sasquatch : 5 - Griffins : 4.
9:35 of 3rd period - Sergey Kalinin wins face-off versus Robert Dome in neutral zone.
9:42 of 3rd period - Slapshot by Tye McGinn.
9:42 of 3rd period - Deflect By Petr Pohl.
9:42 of 3rd period - Stopped by Corey Crawford with a rebound.
10:08 of 3rd period - Minor Penalty to Ben Hanowski for Goalie Interference.
10:09 of 3rd period - Petr Pohl wins face-off versus T.J. Tynan in Griffins zone.
12:08 of 3rd period - Penalty to Ben Hanowski is over, Ben Hanowski is back on ice.
12:09 of 3rd period - Martin Marincin is hit by Ben Hanowski and loses puck.
12:18 of 3rd period - Quinton Howden is hit by Teemu Hartikainen and loses puck.
13:11 of 3rd period - Slapshot by Keith Seabrook.
13:11 of 3rd period - Stopped by Corey Crawford without a rebound.
13:12 of 3rd period - Robert Dome wins face-off versus T.J. Tynan in Sasquatch zone.
13:31 of 3rd period - Petter Granberg is hit by Jesper Fast and loses puck.
14:03 of 3rd period - Slapshot by Matt Halischuk.
14:03 of 3rd period - Stopped by Jean-Francois Berube with a rebound.
14:05 of 3rd period - Snap shot by Andrew Campbell.
14:05 of 3rd period - Stopped by Jean-Francois Berube with a rebound.
14:07 of 3rd period - Snap shot by Sergey Kalinin.
14:07 of 3rd period - Shot Misses the Net.
14:09 of 3rd period - Slapshot by Andrew Campbell.
14:09 of 3rd period - Stopped by Jean-Francois Berube with a rebound.
14:42 of 3rd period - Snap shot by T.J. Tynan.
14:42 of 3rd period - Goal by T.J. Tynan - Sasquatch : 6 - Griffins : 4.
14:43 of 3rd period - T.J. Tynan wins face-off versus Robert Dome in neutral zone.
14:46 of 3rd period - Slapshot by Patrick Wey.
14:46 of 3rd period - Stopped by Jean-Francois Berube with a rebound.
15:08 of 3rd period - Wrist shot by Nathan Gerbe.
15:08 of 3rd period - Shot Misses the Net.
15:10 of 3rd period - Slapshot by Petter Granberg.
15:10 of 3rd period - Deflect By Dougie Hamilton.
15:10 of 3rd period - Stopped by Corey Crawford with a rebound.
15:12 of 3rd period - Wrist shot by Ben Hanowski.
15:12 of 3rd period - Stopped by Corey Crawford with a rebound.
15:14 of 3rd period - Snap shot by Sean Monahan.
15:14 of 3rd period - Stopped by Corey Crawford with a rebound.
15:18 of 3rd period - Snap shot by Nathan Gerbe.
15:18 of 3rd period - Shot Misses the Net.
15:20 of 3rd period - Backhand shot by Petter Granberg.
15:20 of 3rd period - Stopped by Corey Crawford with a rebound.
15:38 of 3rd period - Wrist shot by Brock Trotter.
15:38 of 3rd period - Stopped by Jean-Francois Berube with a rebound.
15:40 of 3rd period - Wrist shot by Petr Straka.
15:40 of 3rd period - Stopped by Jean-Francois Berube with a rebound.
17:00 of 3rd period - Minor Penalty to Quinton Howden for Holding.
17:01 of 3rd period - T.J. Tynan wins face-off versus Ben Hanowski in Griffins zone.
17:35 of 3rd period - Slapshot by Dougie Hamilton.
17:35 of 3rd period - Stopped by Jean-Francois Berube with a rebound.
17:37 of 3rd period - Slapshot by Dougie Hamilton.
17:37 of 3rd period - Deflect By Tye McGinn.
17:37 of 3rd period - Stopped by Jean-Francois Berube with a rebound.
19:00 of 3rd period - Penalty to Quinton Howden is over, Quinton Howden is back on ice.
19:25 of 3rd period - Brock Trotter is hit by Robert Dome and loses puck.
Goals for this period are 3 for Sasquatch vs 1 for Griffins.
Shots for this period are 16 for Sasquatch vs 16 for Griffins.
Back to the Top